 Dungeon Crawl Stone Soup version 0.28-a0-429-g1448048969 (webtiles) character file.

Game seed: 7625355858731630563

730 Gargoyl the Skirmisher (level 7, -18/60 HPs)
             Began as a Gnoll Abyssal Knight on Sept 10, 2021.
             Was a Believer of Lugonu.
             Demolished by a two-headed ogre (31 damage)
             ... on level 5 of the Dungeon.
             The game lasted 00:05:02 (5593 turns).

Gargoyl the Skirmisher (Gnoll Abyssal Knight)       Turns: 5593, Time: 00:05:03

Health: -18/60     AC: 13    Str: 14    XL:     7   Next: 73%
Magic:  11/11      EV:  2    Int: 11    God:    Lugonu [**....]
Gold:   203        SH:  8    Dex: 11    Spells: 11/11 levels left

rFire   + . .      SeeInvis .   e - +7 war axe (freeze)
rCold   . . .      Faith    .   l - +0 kite shield
rNeg    + . .      Spirit   .   c - +1 plate armour
rPois   .          Reflect  .   (no helmet)
rElec   .          Harm     .   (no cloak)
rCorr   .          Rampage  .   (no gloves)
Will    .....                   (no boots)
Stlth   ..........              (no amulet)
HPRegen 0.20/turn               d - ring of positive energy
MPRegen 0.12/turn               g - ring of protection from fire

@: no status effects
A: fangs 1, strong nose, distributed training
a: Renounce Religion, Depart the Abyss, Bend Space


You were on level 5 of the Dungeon.
You worshipped Lugonu.
Lugonu was pleased with you.
You visited 1 branch of the dungeon, and saw 5 of its levels.
You visited the Abyss 1 time.

You collected 313 gold pieces.
You spent 110 gold pieces at shops.

Inventory:

Hand Weapons
 a - a +2 hand axe
 e - a +7 war axe of freezing (weapon)
Missiles
 b - 8 silver javelins (quivered)
 f - a javelin
Armour
 c - a +1 plate armour (worn)
 l - a +0 kite shield (worn)
Jewellery
 d - a ring of positive energy (left hand)
 g - a ring of protection from fire (right hand)
Wands
 o - a wand of mindburst (14)
Scrolls
 h - a scroll of fog
 i - a scroll of blinking
 q - a scroll of fear {unknown}
 r - a scroll of magic mapping {unknown}
Potions
 j - a potion of ambrosia
 k - a potion of flight
 m - 3 potions of curing {unknown}
 p - a potion of lignification {unknown}


   Skills:
 + Level 7.1 Fighting
 + Level 2.6 Short Blades
 + Level 2.6 Long Blades
 + Level 5.3 Axes
 + Level 2.6 Maces & Flails
 + Level 2.6 Polearms
 + Level 2.6 Staves
 + Level 2.6 Slings
 + Level 2.6 Bows
 + Level 2.6 Crossbows
 + Level 2.6 Throwing
 + Level 5.3 Armour
 + Level 3.7 Dodging
 + Level 2.6 Stealth
 + Level 2.6 Shields
 + Level 2.6 Unarmed Combat
 + Level 2.6 Spellcasting
 + Level 2.1 Conjurations
 + Level 2.1 Hexes
 + Level 2.1 Summonings
 + Level 2.1 Necromancy
 + Level 2.1 Translocations
 + Level 2.1 Transmutations
 + Level 2.1 Fire Magic
 + Level 2.1 Ice Magic
 + Level 2.1 Air Magic
 + Level 2.1 Earth Magic
 + Level 2.1 Poison Magic
 + Level 5.5 Invocations
 + Level 2.6 Evocations


You had 11 spell levels left.
You didn't know any spells.
Your spell library contained the following spells:

 Spells                   Type           Power      Damage    Failure   Level
 Foxfire                  Conj/Fire      24%        2x1d5     100%        1
 Ensorcelled Hibernation  Hex/Ice        12%        N/A       100%        2
 Static Discharge         Conj/Air       6%         N/A       100%        2
 Conjure Flame            Conj/Fire      6%         6-21      100%        3
 Inner Flame              Hex/Fire       6%         N/A       100%        3
 Tukima's Dance           Hex            6%         N/A       100%        3
 Flame Wave               Conj/Fire      6%         3d4       100%        4
 Lightning Bolt           Conj/Air       3%         1d14      100%        5
 Maxwell's Capacitive Co  Air            3%         ∞         100%        8


Dungeon Overview and Level Annotations

Branches:
Dungeon (5/15)
 Temple: D:4-7

Altars:
Ashenzari
Cheibriados
Dithmenos
Elyvilon
Okawaru
Uskayaw
Zin

Shops:
D:2 (   D:4 *


Innate Abilities, Weirdness & Mutations

You have very sharp teeth.
Your uncanny sense of smell can sniff out nearby items.
Your experience applies equally to all skills.


Message History

You slash the iguana! You freeze the iguana.
You kill the iguana!
Lugonu accepts your kill.
There is a stone staircase leading down here.
Found a stone staircase leading up.
You open the door.
There is an open door here.
There is a stone staircase leading up here.
There is an open door here.
There is an open door here.
m - 3 silvery potions (gained 1)
A two-headed ogre comes into view.
It is wielding a +0 giant club and a +0 giant spiked club.
The two-headed ogre shouts in stereo!
Okay, then.
Unknown command.
Throw: throwing net
Press: ? - help, Q - select action, (/) - cycle Shift-Dir - straight line, f - two-headed ogre
Aim: a two-headed ogre, wielding a +0 giant club and a +0 giant spiked club (74% to hit)
You throw a throwing net.
The throwing net hits the two-headed ogre.
The two-headed ogre is caught in the net!
The two-headed ogre struggles against the net.
The two-headed ogre struggles against the net.
The two-headed ogre struggles against the net.
You slash the two-headed ogre! You freeze the two-headed ogre.
The two-headed ogre is lightly wounded.
The two-headed ogre struggles against the net.
The net rips apart, and the two-headed ogre comes free!
You block the two-headed ogre's attack.
The two-headed ogre hits you with a +0 giant spiked club!!
You slash the two-headed ogre! You freeze the two-headed ogre.
The two-headed ogre is heavily wounded.
The two-headed ogre hits you with a +0 giant club!!
The two-headed ogre hits you with a +0 giant spiked club.
* * * LOW HITPOINT WARNING * * *
You slash the two-headed ogre! You freeze the two-headed ogre.
The two-headed ogre is heavily wounded.
The two-headed ogre hits you with a +0 giant club!!
Ouch! That really hurt!
You die...

##.###.......####
##...##.......#
####.....#.......#
.......#.####.####
##.#..###.###.#
#.#.## ##....#
#....###.#####
.....#.#.#.##
.#####@#..##
#O#.## ..#.#
#######.#
#...###.#### ∆
##.#...))...#
#....###)##.#
###..##...#.######
#..#............


You could see a two-headed ogre.

Vanquished Creatures
  A water moccasin (D:5)
  An ogre (D:4)
  2 water moccasin skeletons
  A centaur zombie (D:5)
  2 jellies
  A gnoll shaman (D:5)
  2 hounds
  2 iguanas
  A hound skeleton (D:5)
  8 gnolls
  4 adders
  A worm (D:2)
  4 dart slugs (D:3)
  9 orcs
  2 ball pythons
  3 bats
  7 endoplasms
  A giant cockroach (D:4)
  3 hobgoblins (D:3)
  6 kobolds
  3 quokkas
  A frilled lizard (D:1)
  5 goblins
  A rat (D:2)
71 creatures vanquished.

Notes
Turn   | Place    | Note
-------+----------+-------------------------------------------
     0 | Abyss:1  | Gargoyl the Gnoll Abyssal Knight began the quest for the
                  | Orb.
     0 | Abyss:1  | Reached XP level 1. HP: 23/23 MP: 3/3
     0 | Abyss:1  | Found a corrupted altar of Lugonu.
    45 | Abyss:2  | Noticed a ynoxinul
    93 | Abyss:2  | Noticed a large abomination
   123 | Abyss:3  | Noticed a neqoxec
   124 | D:1      | Escaped the Abyss
   124 | D:1      | Noticed a ghoul
   124 | D:1      | Noticed a human
   288 | D:1      | Noticed a naga
   288 | D:1      | Noticed a human
   293 | D:1      | Noticed a demigod
   294 | D:1      | Noticed a minotaur
   296 | D:1      | Noticed an ogre
   298 | D:1      | Noticed an octopode
   298 | D:1      | Noticed a vine stalker
   300 | D:1      | Noticed a human
   300 | D:1      | Noticed an elf
   304 | D:1      | Noticed a vine stalker
   304 | D:1      | Noticed a draconian
   566 | D:1      | Found a faded altar of an unknown god.
   619 | D:1      | Reached XP level 2. HP: 29/29 MP: 5/5
   909 | D:2      | Found a glowing silver altar of Zin.
  1098 | D:1      | Reached XP level 3. HP: 9/35 MP: 6/6
  1103 | D:1      | Reached * piety under Lugonu
  1104 | D:1      | Reached skill level 1 in Short Blades
  1104 | D:1      | Reached skill level 1 in Long Blades
  1104 | D:1      | Reached skill level 1 in Maces & Flails
  1104 | D:1      | Reached skill level 1 in Polearms
  1104 | D:1      | Reached skill level 1 in Staves
  1104 | D:1      | Reached skill level 1 in Slings
  1104 | D:1      | Reached skill level 1 in Bows
  1104 | D:1      | Reached skill level 1 in Crossbows
  1104 | D:1      | Reached skill level 1 in Throwing
  1104 | D:1      | Reached skill level 1 in Stealth
  1104 | D:1      | Reached skill level 1 in Shields
  1104 | D:1      | Reached skill level 1 in Unarmed Combat
  1104 | D:1      | Reached skill level 1 in Spellcasting
  1104 | D:1      | Reached skill level 1 in Evocations
  1490 | D:2      | Reached XP level 4. HP: 21/41 MP: 7/7
  1548 | D:2      | Reached skill level 1 in Conjurations
  1548 | D:2      | Reached skill level 1 in Hexes
  1548 | D:2      | Reached skill level 1 in Summonings
  1548 | D:2      | Reached skill level 1 in Necromancy
  1548 | D:2      | Reached skill level 1 in Translocations
  1548 | D:2      | Reached skill level 1 in Transmutations
  1548 | D:2      | Reached skill level 1 in Fire Magic
  1548 | D:2      | Reached skill level 1 in Ice Magic
  1548 | D:2      | Reached skill level 1 in Air Magic
  1548 | D:2      | Reached skill level 1 in Earth Magic
  1548 | D:2      | Reached skill level 1 in Poison Magic
  1868 | D:2      | Found Olimp's Antique Weapon Shoppe.
  1874 | D:2      | Bought a runed war axe for 110 gold pieces
  2064 | D:3      | Found a snail-covered altar of Cheibriados.
  2253 | D:3      | Found an iron altar of Okawaru.
  2388 | D:3      | Reached XP level 5. HP: 47/47 MP: 8/8
  2481 | D:3      | Found Zyqylofo's Weapon Shop.
  3123 | D:4      | Found Lienua's CLEARANCE SALE!.
  3148 | D:4      | Found a hide-covered altar of Uskayaw.
  3392 | D:4      | Noticed an ogre
  3397 | D:4      | Killed an ogre
  3398 | D:4      | Reached skill level 5 in Invocations
  3398 | D:4      | Reached XP level 6. HP: 16/53 MP: 9/9
  3658 | D:4      | Found a shadowy altar of Dithmenos.
  3668 | D:4      | Reached skill level 5 in Axes
  3668 | D:4      | Reached skill level 5 in Armour
  3977 | D:4      | Found a white marble altar of Elyvilon.
  4334 | D:5      | Entered Level 5 of the Dungeon
  4336 | D:5      | Found a broken altar of Ashenzari.
  4483 | D:5      | Noticed a water moccasin
  4495 | D:5      | Killed a water moccasin
  4496 | D:5      | Reached skill level 7 in Fighting
  4496 | D:5      | Reached XP level 7. HP: 11/60 MP: 10/10
  5189 | D:5      | Reached ** piety under Lugonu
  5587 | D:5      | Noticed a two-headed ogre
  5593 | D:5      | Demolished by a two-headed ogre

Illustrated notes

Levels and vault maps discovered:
D:1:      shiori_arrival_whats_in_store_for_you, layout_rooms,
          hellmonk_ecumenical_altar_inner_sanctum, serial_bayou_lake_a
D:2:      layout_rooms, serial_shops, shop, basic_altar
D:3:      layout_loops_ring, kennysheep_okawaru_gauntlet,
          mainiacjoe_overflow_concentric_impassable, serial_shops, shop
D:4:      layout_basic, nicolae_overflow_crystal_walls,
          nicolae_dithmenos_through_a_glass_darkly, old_standard_altar,
          nicolae_shop_clearance
D:5:      layout_loops_corners, minitemple, mainiacjoe_overflow_small_starburst,
          hangedman_decor_lopped, chequers_serial_rivers_micro_d

Skill      XL: |  1  2  3  4  5  6  7 |
---------------+----------------------+-----
Short Blades   | 1 2 |  2.6
Long Blades    | 1 2 |  2.6
Maces & Flails | 1 2 |  2.6
Polearms       | 1 2 |  2.6
Staves         | 1 2 |  2.6
Slings         | 1 2 |  2.6
Bows           | 1 2 |  2.6
Crossbows      | 1 2 |  2.6
Throwing       | 1 2 |  2.6
Stealth        | 1 2 |  2.6
Shields        | 1 2 |  2.6
Unarmed Combat | 1 2 |  2.6
Spellcasting   | 1 2 |  2.6
Evocations     | 1 2 |  2.6
Conjurations   | 1 2 |  2.1
Hexes          | 1 2 |  2.1
Summonings     | 1 2 |  2.1
Necromancy     | 1 2 |  2.1
Translocations | 1 2 |  2.1
Transmutations | 1 2 |  2.1
Fire Magic     | 1 2 |  2.1
Ice Magic      | 1 2 |  2.1
Air Magic      | 1 2 |  2.1
Earth Magic    | 1 2 |  2.1
Poison Magic   | 1 2 |  2.1
Dodging        | 3 |  3.7
Invocations    | 5 |  5.5
Axes           | 5 |  5.3
Armour         | 5 |  5.3
Fighting       | 7 |  7.1

Action                   |  1- 3 |  4- 6 |  7- 9 || total
-------------------------+-------+-------+-------++-------
Melee: Hand axe          |    70 |     9 |       ||    79
       Bite              |     6 |     6 |     2 ||    14
       War axe           |       |    86 |    34 ||   120
Throw: Javelin           |       |     3 |       ||     3
       Throwing net      |       |       |     1 ||     1
Invok: Depart the Abyss  |     1 |       |       ||     1
  Use: Scroll            |     3 |     8 |       ||    11
       Potion            |     2 |       |       ||     2
Armor: Plate armour      |    57 |    63 |    26 ||   146
Dodge: Dodged            |     6 |    14 |     9 ||    29
Block: Kite shield       |       |     6 |    26 ||    32

Table legend: (Time is in decaauts)
 A = Elapsed time spent in this place.
 B = Non-inter-level travel time spent in this place.
 C = Inter-level travel time spent in this place.
 D = Time resting spent in this place.
 E = Time spent auto-exploring this place.
 F = Levels seen in this place.
 G = Mean time per level.
                   A        B        C        D        E       F      G
               +--------+--------+--------+--------+--------+-----+--------+
         Total |   5669 |   5612 |     57 |   1224 |   3589 |   8 |  708.6 |
       Dungeon |   5544 |   5487 |     57 |   1224 |   3541 |   5 | 1108.8 |
         Abyss |    125 |    125 |      0 |      0 |     48 |   3 |   41.7 |
               +--------+--------+--------+--------+--------+-----+--------+

Top non-repeatable levels by time:
     D:4: 1453 daAuts
     D:1: 1290 daAuts
     D:5: 1284 daAuts
     D:3: 836 daAuts
     D:2: 679 daAuts
 Abyss:2: 62 daAuts
 Abyss:1: 38 daAuts
 Abyss:3: 24 daAuts
